 Dungeon Sprint DCSS version 0.24-a0-416-g56ce517 (webtiles) character file.

Game seed: 1608644774779135527

2355 schets the Fighter (level 9, -2/86 HPs)
             Began as a Demonspawn Fighter on June 8, 2019.
             Was a Believer of Qazlal.
             Killed by divine providence
             ... invoked by an orc priest
              (14 damage)
             ... in the Dungeon (Sprint III: "The Ten Rune Challenge").
             The game lasted 00:04:28 (1794 turns).

schets the Fighter (Demonspawn Fighter)             Turns: 1794, Time: 00:04:30

Health: -2/86      AC:  9    Str: 19    XL:     9   Next: 20%
Magic:  8/16       EV: 13    Int: 11    God:    Qazlal [**....]
Gold:   48         SH: 14    Dex: 12    Spells: 8/8 levels left

rFire    + . .     SeeInvis .   a - +0 war axe
rCold    . . .     Gourm    .   c - +0 shield
rNeg     . . .     Faith    .   b - +0 scale mail
rPois    .         Spirit   .   (no helmet)
rElec    .         Reflect  .   g - +0 cloak
rCorr    .         Harm     .   (no gloves)
MR       +....     NoTele   +   (no boots)
Stlth    ..........             (no amulet)
HPRegen  0.24/turn              (no ring)
MPRegen  0.15/turn              (no ring)

@: no status effects
A: hooves 1, repulsion field 1, fire resistance 1, magic resistance 1, robust 1,
rot immunity
a: Upheaval, Renounce Religion


You were in the Dungeon.
You worshipped Qazlal.
Qazlal was pleased with you.
You were not hungry.

You visited 1 branch You collected 48 gold pieces.

Inventory:

Hand Weapons
 a - a +0 war axe (weapon)
Armour
 b - a +0 scale mail (worn)
 c - a +0 shield (worn)
 g - a +0 cloak (worn)
Wands
 d - a wand of flame (26)
Scrolls
 n - 2 scrolls of torment {unknown}
 o - 4 scrolls of identify
 p - 2 scrolls of remove curse
 r - a scroll of amnesia {unknown}
Potions
 i - 2 potions of magic
 q - 3 potions of flight
Comestibles
 f - 3 rations


   Skills:
 * Level 10.6 Fighting
 * Level 9.6 Axes
 + Level 7.2 Armour
 + Level 6.5 Dodging
 + Level 7.2 Shields
 * Level 9.8 Invocations
 - Level 5.2 Evocations


You had 8 spell levels left.
You didn't know any spells.
Your spell library contained the following spells:

 Spells                   Type           Power        Failure   Level  Hunger
 Confusing Touch          Hex            #.....       95%         1    ##.....
 Confuse                  Hex            #.......     100%        3    ####...
 Gell's Gravitas          Tloc           #.........   100%        3    ####...
 Petrify                  Tmut/Erth      #.......     100%        4    #####..
 Metabolic Englaciation   Hex/Ice        #.........   100%        5    ######.
 Yara's Violent Unravell  Hex/Tmut       #.........   100%        5    ######.


Dungeon Overview and Level Annotations

Branches:
Dungeon (1/1)

Altars:
Cheibriados
Dithmenos
Elyvilon
Fedhas
Gozag
Hepliaklqana
Kikubaaqudgha
Makhleb
Nemelex Xobeh
Okawaru
Qazlal
Ru
Sif Muna
Trog
Uskayaw
Vehumet
Wu Jian
Xom
Yredelemnul
Zin
The Shining One
Beogh
Jiyva
Lugonu

Shops:
D [


Innate Abilities, Weirdness & Mutations

You have large cloven feet.
You are surrounded by a mild repulsion field. (EV +2)
You are immune to rotting.
Your flesh is heat resistant. (rF+)
You are resistant to hostile enchantments. (MR+)
You are robust. (+10% HP)


Message History

Qazlal accepts your kill.
You hear a shout!
Unknown command.
Unknown command.
You slash the orc knight!
You kill the orc knight!
Qazlal accepts your kill.
Training target 5.0 for Evocations reached!
Your Armour skill increases to level 7!
Your Shields skill increases to level 7!
Your Evocations skill increases to level 5!
You have reached level 9!
Your experience leads to an increase in your attributes!
Increase (S)trength, (I)ntelligence, or (D)exterity?
You feel stronger.
The orc no longer looks unusually strong.
The orc warrior no longer looks unusually strong.
The orc priest calls down the wrath of Beogh upon you.
Beogh smites you!
You die...

▓▓▓ ##.############## ##
#
##..#___#___#__#$##∩#.#$
.#..#.).#__.#._#oo.....o
.#..###'#'###)##oo......
'#..#..........#o[.ooo..
#...'.⌠........#o#
#...#...######'#)#
....#.⌠.#__#...#@#####
....#...#_v#...#.§§≈§+
....#)###__#...#.#§§§#
....#..:#__#...'.#.§§#
....#___#__+...#.#§§§#
▓▓▓▓▓▓▓▓▓▓▓▓▓▓▓▓▓▓▓▓▓▓


You could see an orc warrior, 2 orc priests and 3 orcs.

Vanquished Creatures
  Josephine (D)
  An orc knight (D)
  A deep elf mage (D)
  A shadow (D)
  A necrophage (D)
  A water elemental (D)
  A jelly (D)
  2 orc priests (D)
  A wizard (D)
  Crazy Yiuf (D)
  A necromancer (D)
  3 humans (D)
  A kobold demonologist (D)
  An ooze (D)
  An orc (D)
  3 rats (D)
21 creatures vanquished.

Vanquished Creatures (others)
  2 draconian scorchers (D)
  6 hellions (D)
  2 yaktaurs (D)
  A plant (D)
11 creatures vanquished.

Grand Total: 32 creatures vanquished

Notes
Turn   | Place    | Note
-------+----------+-------------------------------------------
     0 | D        | schets the Demonspawn Fighter began the quest for the Orb.
     0 | D        | Reached XP level 1. HP: 18/18 MP: 1/1
    38 | D        | Killed a yaktaur
    82 | D        | Noticed Crazy Yiuf
    83 | D        | Reached skill level 4 in Fighting
    83 | D        | Reached skill level 1 in Dodging
    83 | D        | Gained mutation: You are surrounded by a mild repulsion
                  | field. (EV +2) [demonic ancestry]
    83 | D        | Reached XP level 2. HP: 10/25 MP: 2/2
    87 | D        | Killed Crazy Yiuf
    87 | D        | Reached XP level 3. HP: 13/32 MP: 3/3
   112 | D        | Killed a hellion
   137 | D        | Killed a hellion
   138 | D        | Killed a hellion
   148 | D        | Killed a hellion
   150 | D        | Killed a hellion
   157 | D        | Killed a hellion
   165 | D        | Killed a white draconian scorcher
   285 | D        | Gained mutation: Armour fits poorly on your strangely
                  | shaped body. [potion of mutation]
   285 | D        | Gained mutation: You are covered in fur. (AC +1) [potion of
                  | mutation]
   286 | D        | Lost mutation: Armour fits poorly on your strangely shaped
                  | body. [potion of mutation]
   286 | D        | Lost mutation: You are covered in fur. (AC +1) [potion of
                  | mutation]
   286 | D        | Gained mutation: You are dopey. (Int -2) [potion of
                  | mutation]
   286 | D        | Gained mutation: You are weak. (Str -2) [potion of
                  | mutation]
   286 | D        | Gained mutation: Your flesh is cold resistant. (rC+)
                  | [potion of mutation]
   287 | D        | Lost mutation: You are dopey. (Int -2) [potion of mutation]
   287 | D        | Lost mutation: Your flesh is cold resistant. (rC+) [potion
                  | of mutation]
   287 | D        | Gained mutation: You are frail. (-10% HP) [potion of
                  | mutation]
   287 | D        | Gained mutation: You tend to lose your temper in combat.
                  | [potion of mutation]
   287 | D        | Gained mutation: You have a pair of small horns on your
                  | head. [potion of mutation]
   288 | D        | Lost mutation: You are frail. (-10% HP) [potion of
                  | mutation]
   288 | D        | Lost mutation: You have a pair of small horns on your head.
                  | [potion of mutation]
   288 | D        | Lost mutation: You tend to lose your temper in combat.
                  | [potion of mutation]
   288 | D        | Lost mutation: You are weak. (Str -2) [potion of mutation]
   288 | D        | Gained mutation: You are frail. (-10% HP) [potion of
                  | mutation]
   288 | D        | Gained mutation: You are agile. (Dex +2) [potion of
                  | mutation]
   289 | D        | Lost mutation: You are frail. (-10% HP) [potion of
                  | mutation]
   289 | D        | Lost mutation: You are agile. (Dex +2) [potion of mutation]
   289 | D        | Gained mutation: You are resistant to hostile enchantments.
                  | (MR+) [potion of mutation]
   289 | D        | Gained mutation: Your flesh is heat resistant. (rF+)
                  | [potion of mutation]
   289 | D        | Gained mutation: You are robust. (+10% HP) [potion of
                  | mutation]
   289 | D        | Gained mutation: You have sharp toenails. [potion of
                  | mutation]
   356 | D        | Noticed a water elemental
   360 | D        | Killed a water elemental
   360 | D        | Reached skill level 5 in Fighting
   360 | D        | Reached XP level 4. HP: 44/44 MP: 4/4
   392 | D        | Killed a white draconian scorcher
   426 | D        | Reached skill level 6 in Fighting
   426 | D        | Reached skill level 5 in Axes
   426 | D        | Reached XP level 5. HP: 50/50 MP: 5/5
   429 | D        | Noticed a shadow
   439 | D        | Killed a shadow
   439 | D        | Reached skill level 7 in Fighting
   439 | D        | Reached skill level 5 in Armour
   439 | D        | Reached skill level 5 in Shields
   439 | D        | Lost mutation: You have sharp toenails. [demonic ancestry]
   439 | D        | Gained mutation: You have large cloven feet. [demonic
                  | ancestry]
   439 | D        | Reached XP level 6. HP: 22/60 MP: 6/6
   633 | D        | Found a blossoming altar of Fedhas.
   633 | D        | Found a stormy altar of Qazlal.
   633 | D        | Found a snail-covered altar of Cheibriados.
   633 | D        | Found a burning altar of Makhleb.
   633 | D        | Found a shimmering altar of Xom.
   634 | D        | Found a hazy altar of Hepliaklqana.
   634 | D        | Found an opulent altar of Gozag.
   634 | D        | Found a sparkling altar of Nemelex Xobeh.
   634 | D        | Found a corrupted altar of Lugonu.
   634 | D        | Found a viscous altar of Jiyva.
   634 | D        | Noticed a spatial vortex
   637 | D        | Became a worshipper of Qazlal Stormbringer
   658 | D        | Found a basalt altar of Yredelemnul.
   658 | D        | Found a shadowy altar of Dithmenos.
   658 | D        | Found a sacrificial altar of Ru.
   664 | D        | Reached skill level 1 in Invocations
   669 | D        | Reached skill level 8 in Fighting
   669 | D        | Reached skill level 1 in Evocations
   708 | D        | Found a radiant altar of Vehumet.
   708 | D        | Found a deep blue altar of Sif Muna.
   708 | D        | Found an ancient bone altar of Kikubaaqudgha.
   713 | D        | Paralysed by a wizard for 4 turns
   718 | D        | Reached * piety under Qazlal
   732 | D        | Noticed a rust devil
   736 | D        | Noticed an ice devil
   810 | D        | Noticed a red devil
  1084 | D        | Found a hide-covered altar of Uskayaw.
  1084 | D        | Found a roughly hewn altar of Beogh.
  1084 | D        | Found an iron altar of Okawaru.
  1084 | D        | Found a bloodstained altar of Trog.
  1084 | D        | Found an ornate altar of the Wu Jian Council.
  1084 | D        | Noticed a human
  1085 | D        | Noticed a human
  1088 | D        | Killed a human
  1088 | D        | Gained mutation: You are immune to rotting. [demonic
                  | ancestry]
  1088 | D        | Reached XP level 7. HP: 67/69 MP: 8/10
  1098 | D        | Killed a human
  1098 | D        | Reached ** piety under Qazlal
  1098 | D        | Reached skill level 5 in Dodging
  1098 | D        | Reached skill level 5 in Invocations
  1222 | D        | Killed a yaktaur
  1330 | D        | Found a glowing silver altar of Zin.
  1330 | D        | Found a glowing golden altar of the Shining One.
  1330 | D        | Found a white marble altar of Elyvilon.
  1330 | D        | Noticed a deep elf mage
  1335 | D        | Killed a deep elf mage
  1335 | D        | Reached skill level 9 in Fighting
  1335 | D        | Reached XP level 8. HP: 77/78 MP: 7/13
  1406 | D        | Noticed Josephine
  1426 | D        | Killed Josephine
  1426 | D        | Reached skill level 10 in Fighting
  1773 | D        | Found Washrylu's Armour Shop.
  1773 | D        | Noticed an orc knight
  1774 | D        | Noticed an orc high priest
  1794 | D        | Killed an orc knight
  1794 | D        | Reached skill level 5 in Evocations
  1794 | D        | Reached XP level 9. HP: 12/86 MP: 8/16
  1794 | D        | Killed from afar by an orc priest

Levels and vault maps discovered:
D:        dungeon_sprint_mu [sprint_mu_entry_cave, sprint_mu_temple_rooms,
          sprint_mu_d1_horrors, sprint_mu_d2_genie, sprint_mu_d3_branching,
          sprint_mu_orc_legion, sprint_mu_elf_gauntlet, sprint_mu_hive_nellie,
          sprint_mu_lair_fedhas, sprint_mu_vaults_butterflies,
          sprint_mu_slime_circle, sprint_mu_swamp_cave, sprint_mu_shoals_archi,
          sprint_mu_blade_basic, sprint_mu_crypt_fortress,
          sprint_mu_tomb_spiral, sprint_mu_vestibule_basic,
          sprint_mu_gehenna_hellfire, sprint_mu_dis_giant,
          sprint_mu_tartarus_statrot, sprint_mu_cocytus_islands, sprint_mu_zot1]

Skill      XL: |  1  2  3  4  5  6  7  8 |
---------------+-------------------------+-----
Axes           | 3 4 5 6 7 8 9 |  9.6
Armour         | 3 4 5 6 7 |  7.2
Shields        | 3 4 5 6 7 |  7.2
Fighting       | 4 5 6 7 8 9 10 | 10.6
Dodging        | 1 2 3 4 5 6 |  6.5
Invocations    | 4 7 9 |  9.8
Evocations     | 2 3 5 |  5.2

Action                   |  1- 3 |  4- 6 |  7- 9 || total
-------------------------+-------+-------+-------++-------
Melee: War axe           |    22 |    65 |    44 ||   131
       Kick              |     1 |    12 |    19 ||    32
Invok: Upheaval          |       |       |     3 ||     3
Evoke: Wand              |       |     3 |       ||     3
  Use: Potion            |     8 |     1 |     2 ||    11
       Scroll            |       |     1 |       ||     1
  Eat: Ration            |       |     1 |       ||     1
Armor: Scale mail        |     2 |    13 |     4 ||    19
Dodge: Dodged            |     3 |    36 |    13 ||    52
Block: Shield            |    10 |    42 |    16 ||    68

Table legend:
 A = Non-vault XP
 B = Vault XP
 C = Vault XP percentage of total XP
 D = Non-vault monster count
 E = Vault monster count
 F = Vault count percentage of total count
                 A         B        C        D         E       F
            +---------+---------+-------+---------+---------+-------
      Total |       0 |    3365 | 100.0 |       0 |      21 | 100.0
            +---------+---------+-------+---------+---------+-------
          D |       0 |    3365 | 100.0 |       0 |      21 | 100.0
            +---------+---------+-------+---------+---------+-------
